 Dungeon Crawl Stone Soup version 0.17-a0-1663-gb806841 (webtiles) character file.

105 mrath the Chopper (level 4, -1/39 HPs)
             Began as a Minotaur Fighter on Aug 16, 2015.
             Slain by an orc
             ... wielding a cursed -3 trident
              (3 damage)
             ... on level 3 of the Dungeon.
             The game lasted 00:12:52 (2364 turns).

mrath the Chopper (Minotaur Fighter)                Turns: 2364, Time: 00:12:53

Health: -1/39      AC:  6    Str: 22    XL:     4   Next: 54%
Magic:  3/3        EV:  7    Int:  5    God:
Gold:   123        SH:  9    Dex:  9    Spells: 0 memorised, 3 levels left

rFire  . . .     SeeInvis .     a - +0 war axe
rCold  . . .     Clarity  .     b - +0 scale mail
rNeg   . . .     SustAt   .     c - +0 shield
rPois  .         Gourm    .     (helmet restricted)
rElec  .         Spirit   .     (no cloak)
rCorr  .         Warding  .     (no gloves)
rMut   .         Stasis   .     (no boots)
MR     .....                    (no amulet)
Stlth  ..........               (no ring)
                                (no ring)

@: not resistant to hostile enchantments, extremely unstealthy
A: retaliatory headbutt, horns 2
a: no special abilities


You were on level 3 of the Dungeon.
You were not hungry.

You visited 1 branch of the dungeon, and saw 3 of its levels.

You collected 123 gold pieces.

Inventory:

Hand weapons
 a - a +0 war axe (weapon)
 s - a +0 hunting sling
Missiles
 e - 11 steel bolts
 g - 11 silver sling bullets (quivered)
 h - 69 stones
 n - 15 sling bullets of frost
 u - 6 silver bolts
Armour
 b - a +0 scale mail (worn)
 c - a +0 shield (worn)
 k - a cursed +0 pair of boots
Scrolls
 f - a scroll of blinking {unknown}
 i - a scroll of recharging {unknown}
 m - 2 scrolls of fear {unknown}
 q - a scroll of enchant armour {unknown}
 t - 3 scrolls of remove curse {unknown}
 v - a scroll of noise {unknown}
 w - a scroll of teleportation {unknown}
 x - a scroll of amnesia {unknown}
Potions
 d - 2 potions of might
 j - a potion of cancellation
 z - a potion of lignification {unknown}
Comestibles
 o - 4 chunks of flesh
 p - a meat ration
 r - 4 beef jerkies


   Skills:
 - Level 3.6 Fighting
 + Level 5.9 Axes
 - Level 3.6 Armour
 - Level 3.6 Shields


You had 3 spell levels left.
You didn't know any spells.

Dungeon Overview and Level Annotations

Branches:
Dungeon (3/15)

Altars:
Cheibriados


Innate Abilities, Weirdness & Mutations

You reflexively headbutt those who attack you in melee.
You have a pair of horns on your head.


Message History

The orc closely misses you.
You hit the orc priest but do no damage.
Your headbutt misses the orc priest.
The orc priest is lightly wounded.
The orc priest hits you with a short sword.
* * * LOW HITPOINT WARNING * * *
The orc throws a tomahawk.
The tomahawk hits you but does no damage.
The orc hits you but does no damage.
You hit the orc priest.
The orc priest is moderately wounded.
You block the orc priest's attack. The orc hits you but does no damage.
You block the orc priest's attack.
You slash the orc priest!
You kill the orc priest!
You closely miss the giant gecko.
The giant gecko bites you but does no damage.
The orc throws a tomahawk.
You block the tomahawk.
The orc hits you from afar with a trident.
You die...

#. ##.## #.... #### .... ..#
...####.# #####....#.##########
.........#..........########
.........#†................####
.........)..ol@................
.........##..)................#
.........##..o.........#####..#
.<.=.....##..........###≈≈.####
.........##.........##≈≈≈≈≈..##
......#####.........#≈≈≈≈≈≈...#
..?.#. #.........#≈≈≈≈≈≈....
....+. ####'##'###≈≈≈≈≈≈....
... ## #..#)# #≈≈≈≈≈.....


You could see 2 orcs and a giant gecko.

Vanquished Creatures
  An orc priest (D:3)
  An adder (D:2)
  2 giant geckos
  2 orcs (D:3)
  A ball python (D:1)
  8 bats
  3 giant cockroaches
  9 hobgoblins
  2 jackals (D:3)
  5 giant newts
  6 goblins
  14 kobolds
  8 rats
62 creatures vanquished.

Notes
Turn   | Place    | Note
--------------------------------------------------------------
     0 | D:1      | mrath the Minotaur Fighter began the quest for the Orb.
     0 | D:1      | Reached XP level 1. HP: 19/19 MP: 0/0
   331 | D:1      | Reached XP level 2. HP: 26/26 MP: 1/1
   508 | D:1      | Reached skill level 4 in Axes
   709 | D:1      | Reached XP level 3. HP: 31/31 MP: 2/2
  1469 | D:2      | Reached skill level 5 in Axes
  2029 | D:3      | Found a snail-covered altar of Cheibriados.
  2236 | D:3      | Reached XP level 4. HP: 39/39 MP: 3/3
  2362 | D:3      | HP: 1/39 [orc priest/short sword (2)]
  2364 | D:3      | Slain by an orc

Vault maps used:
D:1:      lightli_iron_boxes
D:3:      lemuel_crystal_altar, first_bread, st_stairs_14,
          nicolae_underground_beach, uniq_jessica

Action                   |  1- 3 |  4- 6 || total
-------------------------+-------+-------++-------
Melee: War axe           |   112 |    17 ||   129
  Use: Potion            |       |     2 ||     2
  Eat: Bread ration      |     1 |       ||     1
       Chunk             |     1 |       ||     1
